 Dungeon Crawl Stone Soup version 0.28-a0-381-g937acc2988 (webtiles) character file.

Game seed: 4641652116094846394

60 jdzakarian the Skirmisher (level 4, -6/37 HPs)
             Began as a Human Berserker on Sept 2, 2021.
             Was a Follower of Trog.
             Mangled by a gnoll (12 damage)
             ... on level 2 of the Dungeon.
             The game lasted 00:04:17 (1639 turns).

jdzakarian the Skirmisher (Human Berserker)         Turns: 1639, Time: 00:04:17

Health: -6/37      AC:  3    Str: 18    XL:     4   Next: 25%
Magic:  13/13      EV: 12    Int:  7    God:    Trog [*.....]
Gold:   45         SH:  0    Dex: 13    Spells: 3/3 levels left

rFire   . . .      SeeInvis .   a - +0 spear
rCold   . . .      Faith    .   (no shield)
rNeg    . . .      Spirit   .   c - +0 leather armour
rPois   .          Reflect  .   (no helmet)
rElec   .          Harm     .   (no cloak)
rCorr   .          Rampage  .   (no gloves)
Will    .....      Clarity  +   (no boots)
Stlth   +.........              (no amulet)
HPRegen 0.00/turn               f - ring of magical power
MPRegen 0.13/turn               (no ring)

@: on berserk cooldown, inhibited regen, slowed, very slow
A: clarity, inhibited regeneration
a: Renounce Religion, Berserk


You were on level 2 of the Dungeon.
You worshipped Trog.
Trog was aware of your devotion.
You visited 1 branch of the dungeon, and saw 2 of its levels.

You collected 45 gold pieces.

Inventory:

Hand Weapons
 a - a +0 spear (weapon)
Missiles
 b - 24 stones (quivered)
 g - 44 arrows
Armour
 c - a +0 leather armour (worn)
Jewellery
 f - a ring of magical power (left hand)
Scrolls
 e - a scroll of teleportation {unknown}
Potions
 d - a potion of cancellation {unknown}


   Skills:
 + Level 3.7 Fighting
 + Level 3.7 Polearms
 + Level 2.2 Armour
 + Level 2.4 Dodging
 + Level 0.5 Stealth


You had 3 spell levels left.
You didn't know any spells.
Your spell library was empty.

Dungeon Overview and Level Annotations

Branches:
Dungeon (2/15)

Altars:

Shops:
D:1 [[


Innate Abilities, Weirdness & Mutations

You possess an exceptional clarity of mind.
You do not regenerate when monsters are visible.


Message History

You kill the gnoll!
Trog accepts your kill.
A gnoll comes into view. It is wielding a +0 halberd.
The gnoll hits you from afar with a +0 spear!
You have reached level 4!
You feel stronger.
The gnoll hits you from afar with a +0 halberd!
You see here a +0 flail.
You completely miss the gnoll. The gnoll misses you.
You puncture the gnoll!
The gnoll is severely wounded.
The gnoll hits you from afar with a +0 halberd!
* * * LOW HITPOINT WARNING * * *
The gnoll barely misses you.
You barely miss the gnoll.
The gnoll is severely wounded.
You hit the gnoll.
You kill the gnoll!
Trog accepts your kill. The gnoll closely misses you.
You barely miss the goblin. The goblin barely misses you. The gnoll misses you.
You puncture the goblin!
You kill the goblin!
Trog accepts your kill.
You are no longer berserk.
You are exhausted.
You feel yourself slow down. The gnoll barely misses you.
Things that are here:
a +0 club; a +0 spear You hit the gnoll.
The gnoll is moderately wounded.
The gnoll barely misses you.
You barely miss the gnoll.
The gnoll is moderately wounded.
The gnoll completely misses you. The gnoll hits you with a +0 halberd.
* * * LOW HITPOINT WARNING * * *
You hit the gnoll.
The gnoll is severely wounded.
The gnoll hits you with a +0 halberd!
You die...

###
#<#
#)#
#)#
#@#
#.g.#
.##.#
#. .#
#. #
#. #.
#.


You could see a gnoll.

Vanquished Creatures
  4 gnolls
  A dart slug (D:1)
  2 ball pythons (D:1)
  3 bats (D:1)
  An endoplasm (D:1)
  3 jackals (D:1)
  A quokka (D:1)
  2 frilled lizards (D:1)
  3 goblins
  A kobold (D:1)
21 creatures vanquished.

Notes
Turn   | Place    | Note
-------+----------+-------------------------------------------
     0 | D:1      | jdzakarian the Human Berserker began the quest for the Orb.
     0 | D:1      | Reached XP level 1. HP: 18/18 MP: 1/1
   127 | D:1      | Reached XP level 2. HP: 12/24 MP: 2/2
   143 | D:1      | Reached XP level 3. HP: 2/29 MP: 3/3
   162 | D:1      | Gained mutation: You do not regenerate when monsters are
                  | visible. [potion of mutation]
   162 | D:1      | Gained mutation: Your magical capacity is low. (-10% MP)
                  | [potion of mutation]
   162 | D:1      | Lost mutation: Your magical capacity is low. (-10% MP)
                  | [potion of mutation]
   162 | D:1      | Gained mutation: You possess an exceptional clarity of
                  | mind. [potion of mutation]
   458 | D:1      | Found a faded altar of an unknown god.
   704 | D:1      | Found Qydodim's Antique Armour Shoppe.
   879 | D:1      | Found Seiwuikh's Antique Armour Shoppe.
  1629 | D:2      | Reached XP level 4. HP: 37/37 MP: 4/4
  1639 | D:2      | Mangled by a gnoll

Illustrated notes

Levels and vault maps discovered:
D:1:      amcnicky_arrival_abandoned_market, layout_basic, serial_shops, shop,
          shop_statue, hellmonk_ecumenical_altar_inner_sanctum, minivault_11,
          hangedman_decor_slide_cut
D:2:      layout_basic, serial_shops, shop, basic_altar, uniq_terence

Action                   |  1- 3 |  4- 6 || total
-------------------------+-------+-------++-------
Melee: Spear             |    65 |     9 ||    74
Invok: Berserk           |     2 |       ||     2
  Use: Potion            |     2 |       ||     2
 Stab: Sleeping          |     1 |       ||     1
Armor: Animal skin       |     6 |       ||     6
       Leather armour    |     7 |       ||     7
Dodge: Dodged            |    38 |     8 ||    46

Table legend: (Time is in decaauts)
 A = Elapsed time spent in this place.
 B = Non-inter-level travel time spent in this place.
 C = Inter-level travel time spent in this place.
 D = Time resting spent in this place.
 E = Time spent auto-exploring this place.
 F = Levels seen in this place.
 G = Mean time per level.
                   A        B        C        D        E       F      G
               +--------+--------+--------+--------+--------+-----+--------+
         Total |   1633 |   1633 |      0 |    100 |   1195 |   2 |  816.5 |
       Dungeon |   1633 |   1633 |      0 |    100 |   1195 |   2 |  816.5 |
               +--------+--------+--------+--------+--------+-----+--------+

Top non-repeatable levels by time:
     D:1: 1617 daAuts
     D:2: 15 daAuts
